cohdb
Replays
Latest Replays
All Replays
Popular Replays
Top Player Replays
Match Explorer
How It Works
Community
CoH3 Stats
Reddit
Sign in to upload your games and track your stats! →
Sign in with Steam
Match 44478314
Unlisted
Match 44478314
Overview
Messages
Build Orders
End
Kradschützen Motorcycle Team
Selects Battlefield Espionage Battlegroup
Panzerpioneer Squad
Panzerpioneer Squad
250 Light Carrier
Construct Light Support Kompanie
Combat Half-tracks
Assault Grenadier Squad
Fire Support Elements
Selects Intel Disruption Beacon
Selects Transfer Depots
Panzerjäger Mechanized Group
Flakvierling Half-track
Veteran Squad Leaders
Flakvierling Half-track
Selects 250/3 Funkpanzerwagen
Selects Anti-Tank Incendiary Munitions
2.5-tonne Medical Truck
Assault Mechanized Group
Vehicle Survival Package
Selects Disruption Operation
Construct Panzerarmee Kommand
Panzer III L Medium Tank
Emergency Repair Kits
Armored Reserves
Rapid Advance
Panzer IV Assault Group
桂妮薇尔
Shinshigumi
0
0
Comments
sign in to comment!
No comments posted yet!